 Dungeon Crawl Stone Soup version 0.21.1-1-g345015f (webtiles) character file.

467 diana the Poker (level 7, -5/52 HPs)
             Began as a Formicid Fighter on June 8, 2018.
             Was an Initiate of Makhleb.
             Killed from afar by an orc wizard (7 damage)
             ... with a magic dart
             ... on level 4 of the Dungeon.
             The game lasted 00:06:01 (3095 turns).

diana the Poker (Formicid Fighter)                  Turns: 3095, Time: 00:06:02

Health: -5/52      AC:  9    Str: 23    XL:     7   Next: 30%
Magic:  7/7        EV:  6    Int:  7    God:    Makhleb [......]
Gold:   117        SH:  9    Dex: 10    Spells: 6/6 levels left

rFire    . . .     SeeInvis +   a - +0 trident
rCold    . . .     Gourm    .   c - +0 shield
rNeg     . . .     Faith    .   g - +0 chain mail
rPois    .         Spirit   .   (helmet unavailable)
rElec    .         Reflect  .   (no cloak)
rCorr    .         Harm     .   (no gloves)
MR       .....                  (no boots)
Stlth    ..........             (no amulet)
HPRegen  0.17/turn              (no ring)
MPRegen  0.10/turn              (no ring)

@: no status effects
A: permanent stasis, dig shafts and tunnels, four strong arms, antennae 3
a: Dig, Shaft Self, Renounce Religion


You were on level 4 of the Dungeon.
You worshipped Makhleb.
Makhleb was noncommittal.
You were not hungry.

You visited 1 branch of the dungeon, and saw 4 of its levels.

You collected 117 gold pieces.

Inventory:

Hand Weapons
 a - a +0 trident (weapon)
Armour
 b - a +0 scale mail
 c - a +0 shield (worn)
 g - a +0 chain mail (worn)
Jewellery
 j - a +2 ring of dexterity {unknown}
Wands
 s - a wand of enslavement (5)
Scrolls
 h - 5 scrolls of identify {unknown}
 i - a scroll of remove curse {unknown}
 k - 2 scrolls of teleportation {unknown}
 l - a scroll of enchant armour {unknown}
 n - a scroll of magic mapping {unknown}
 o - a scroll of random uselessness {unknown}
 q - a scroll of fear {unknown}
Potions
 d - a potion of might
 e - a potion of haste {unknown}
 m - a potion of invisibility {unknown}
 p - a potion of flight {unknown}
 r - a potion of curing {unknown}
Comestibles
 f - 5 rations
 t - 2 chunks of flesh


   Skills:
 - Level 3.2 Fighting
 + Level 7.4 Polearms
 - Level 3.2 Armour
 - Level 3.6 Shields


You had 6 spell levels left.
You didn't know any spells.

Dungeon Overview and Level Annotations

Branches:
Dungeon (4/15)
 Temple: D:4-7

Altars:
Gozag
Makhleb

Annotations:
D:4 Jaiteiro's ghost, amateur MiFi


Innate Abilities, Weirdness & Mutations

You cannot be hasted, slowed, berserked, paralysed or teleported.
You can dig through walls and to a lower floor.
Your four strong arms can wield two-handed weapons with a shield.
You have a pair of large antennae on your head. (SInv)


Message History

The frilled lizard bites you but does no damage.
The orc wizard hits you but does no damage.
You closely miss the orc wizard.
The orc wizard is moderately wounded.
The orc wizard hits you but does no damage.
You block the frilled lizard's attack.
The orc wizard points at you and mumbles some strange words.
You block the puff of frost.
You closely miss the orc wizard.
The orc wizard is moderately wounded.
You block the frilled lizard's attack. You block the orc wizard's attack.
Your shield and chain mail prevent you from hitting the orc wizard.
The orc wizard is moderately wounded.
The orc wizard gestures at you while chanting.
The puff of flame hits you!
* * * LOW HITPOINT WARNING * * *
The frilled lizard closely misses you.
The orc wizard points at you and mumbles some strange words.
The magic dart hits you!
You die...

. #### # ..#
##..####'##....
#.....[........
#..l[.#...[...#
#.@[..#.......#
#.[o..#.......#
#.............#
#.....#.......#
##...###......#
##### #..##.#
... ..


You could see an orc wizard and a frilled lizard.

Vanquished Creatures
  Eustachio (D:4)
  A howler monkey (D:3)
  An orc priest (D:4)
  4 orc wizards
  Ijyb (D:4)
  A worker ant (D:2)
  An ooze (D:1)
  A worm (D:2)
  2 dart slugs (D:1)
  3 leopard geckos
  13 orcs (D:3)
  8 bats
  3 giant cockroaches
  5 goblins
  9 hobgoblins
  2 jackals (D:1)
  5 kobolds
  4 quokkas
  A ball python (D:2)
  2 frilled lizards (D:2)
  7 rats
75 creatures vanquished.

Notes
Turn   | Place    | Note
-------+----------+-------------------------------------------
     0 | D:1      | diana the Formicid Fighter began the quest for the Orb.
     0 | D:1      | Reached XP level 1. HP: 18/18 MP: 1/1
    26 | D:1      | Reached XP level 2. HP: 20/24 MP: 2/2
   183 | D:1      | Reached skill level 3 in Polearms
   292 | D:1      | Reached XP level 3. HP: 22/29 MP: 3/3
   760 | D:2      | Found a burning altar of Makhleb.
   903 | D:2      | Reached skill level 4 in Polearms
   903 | D:2      | Reached XP level 4. HP: 30/35 MP: 4/4
  1250 | D:2      | Became a worshipper of Makhleb the Destroyer
  1495 | D:3      | Found an opulent altar of Gozag.
  1778 | D:3      | Reached XP level 5. HP: 37/41 MP: 5/5
  1809 | D:3      | Reached skill level 5 in Polearms
  2109 | D:4      | Noticed Jaiteiro's ghost (amateur MiFi)
  2443 | D:3      | Reached XP level 6. HP: 38/47 MP: 6/6
  2481 | D:4      | Noticed Ijyb
  2493 | D:4      | Noticed Eustachio
  2500 | D:4      | Killed Ijyb
  2500 | D:4      | Reached skill level 6 in Polearms
  2520 | D:4      | Killed Eustachio
  2520 | D:4      | Reached XP level 7. HP: 24/52 MP: 7/7
  2560 | D:4      | Reached skill level 7 in Polearms
  2564 | D:4      | HP: 2/52 [orc priest/divine providence (10)]
  2581 | D:3      | HP: 2/52 [orc/mace (3)]
  3095 | D:4      | HP: 2/52 [orc wizard/puff of flame (6)]
  3095 | D:4      | Killed from afar by an orc wizard

Skill      XL: |  1  2  3  4  5  6  7 |
---------------+----------------------+-----
Polearms       | 3 4 5 6 7 |  7.4
Fighting       | |  3.2
Armour         | |  3.2
Shields        | |  3.6

Action                   |  1- 3 |  4- 6 |  7- 9 || total
-------------------------+-------+-------+-------++-------
Melee: Trident           |   112 |   158 |    56 ||   326
  Use: Potion            |       |     1 |       ||     1
  Eat: Chunk             |       |     2 |     2 ||     4
       Ration            |       |     1 |       ||     1
Armor: Scale mail        |     6 |       |       ||     6
       Chain mail        |    34 |    91 |    39 ||   164
Dodge: Dodged            |    17 |    30 |    15 ||    62
Block: Shield            |    38 |   116 |    46 ||   200
